 Dungeon Crawl Stone Soup version 0.27-a0-492-ga4bb394fd4 (webtiles) character file.

Game seed: 9799061569210044161

457589 Froggeryz the Severer (level 23, -13/228 HPs)
             Began as a Deep Dwarf Fighter on Mar 1, 2021.
             Was the Champion of Makhleb.
             Killed from afar by an ancient lich (illusionary) (99 damage)
             ... with a crystal spear
             ... on level 3 of the Depths on Mar 2, 2021.
             The game lasted 01:58:30 (32912 turns).

Froggeryz the Severer (Deep Dwarf Fighter)         Turns: 32912, Time: 01:58:31

Health: -13/228    AC: 38    Str: 30      XL:     23   Next: 1%
Magic:  19/19 (28) EV: 15    Int: 13      God:    Makhleb [******]
Gold:   4099       SH: 22    Dex: 15 (16) Spells: 22/22 levels left

rFire    + + +     SeeInvis .   g - +4 broad axe (drain)
rCold    + . .     Faith    .   c - +1 kite shield
rNeg     + + +     Spirit   .   U - +5 plate armour {rF+}
rPois    +         Reflect  +   M - +2 helmet
rElec    .         Harm     .   t - +2 cloak {Will+}
rCorr    +         Rampage  .   l - +2 pair of gloves of Mankas {*Drain Will+++ rCorr Dex+4}
Will     +++++                  C - +3 pair of boots "Kurito" {rPois Will+ MP-9 Int+4}
Stlth    ..........             Y - amulet of reflection
HPRegen  0.00/turn              K - +4 ring of slaying
MPRegen  0.16/turn              z - ring of Suspicion {*Drain rF+++ rC+ rN+++}

@: non-regenerating
A: damage resistance, heal wounds, deterioration 2, negative energy resistance
1, sense surroundings 3, no regeneration
}: 3/15 runes: barnacled, silver, gossamer
a: Heal Wounds, Renounce Religion, Minor Destruction, Lesser Servant of Makhleb,
Major Destruction, Greater Servant of Makhleb


You were on level 3 of the Depths.
You worshipped Makhleb.
Makhleb was exalted by your worship.
You visited 8 branches of the dungeon, and saw 40 of its levels.
You visited the Abyss 1 time.
You also visited: Bailey and Ice Cave.

You collected 6667 gold pieces.
You spent 2568 gold pieces at shops.

Inventory:

Hand Weapons
 g - a +4 broad axe of draining (weapon)
Missiles
 B - 19 curare-tipped darts
 D - 7 throwing nets
 T - 50 javelins (quivered)
Armour
 c - a +1 kite shield (worn)
 l - the +2 pair of gloves of Mankas (worn) {*Drain Will+++ rCorr Dex+4}
   (You bought it in a shop on level 2 of the Orcish Mines)

   It affects your dexterity (+4).
   It affects your willpower, your defense against some magical effects.
   It provides partial protection from all sources of acid and corrosion.
   It causes draining when unequipped.
 t - a +2 cloak of willpower (worn)
 C - the +3 pair of boots "Kurito" (worn) {rPois Will+ MP-9 Int+4}
   (You acquired it on level 2 of the Abyss)

   It affects your intelligence (+4).
   It protects you from poison.
   It affects your willpower, your defense against some magical effects.
   It affects your magic capacity (-9).
 M - a +2 helmet (worn)
 U - a +5 plate armour of fire resistance (worn)
Jewellery
 z - the ring of Suspicion (right hand) {*Drain rF+++ rC+ rN+++}
   (You found it on level 2 of the Depths)

   [ring of protection from cold]

   It renders you almost immune to fire.
   It protects you from cold.
   It renders you almost immune to negative energy.
   It causes draining when unequipped.
 I - a ring of flight
 K - a +4 ring of slaying (left hand)
 O - a ring of protection from cold
 V - a ring of see invisible
 Y - an amulet of reflection (around neck)
Wands
 m - a wand of digging (16)
 p - a wand of iceblast (27)
 q - a wand of charming (68)
 J - a wand of acid (8)
 L - a wand of mindburst (13)
 Q - a wand of paralysis (24)
 R - a wand of flame (45)
Scrolls
 a - 3 scrolls of fog
 e - 8 scrolls of immolation
 n - 13 scrolls of teleportation
 s - 35 scrolls of identify
 u - 7 scrolls of fear
 y - a scroll of fear
 A - 4 scrolls of holy word
 F - a scroll of silence
 H - 6 scrolls of blinking
 P - a scroll of magic mapping
Potions
 d - 5 potions of might
 h - 9 potions of curing
 i - 3 potions of resistance
 j - 3 potions of lignification
 k - 3 potions of ambrosia
 o - 6 potions of mutation
 r - a potion of berserk rage
 w - 9 potions of flight
 G - 4 potions of haste
 S - 3 potions of cancellation
 X - 4 potions of heal wounds
Miscellaneous
 W - a condenser vane


   Skills:
 + Level 17.9 Fighting
 - Level 18.0 Axes
 + Level 14.6 Throwing
 + Level 16.4 Armour
 - Level 11.2 Dodging
 + Level 17.8 Shields
 + Level 16.8 Invocations
 - Level 14.4 Evocations


You had 22 spell levels left.
You didn't know any spells.
Your spell library contained the following spells:

 Spells                   Type           Power        Failure   Level
 Animate Skeleton         Necr           0%           83%         1
 Apportation              Tloc           0%           83%         1
 Corona                   Hex            0%           83%         1
 Freeze                   Ice            0%           83%         1
 Magic Dart               Conj           0%           83%         1
 Sandblast                Erth           0%           83%         1
 Shock                    Conj/Air       0%           83%         1
 Sting                    Tmut/Pois      0%           83%         1
 Summon Small Mammal      Summ           0%           83%         1
 Corpse Rot               Necr/Air       N/A          93%         2
 Ensorcelled Hibernation  Hex/Ice        0%           93%         2
 Passwall                 Tmut/Erth      0%           93%         2
 Poisonous Vapours        Pois/Air       0%           93%         2
 Searing Ray              Conj           0%           93%         2
 Slow                     Hex            0%           93%         2
 Swiftness                Air            0%           93%         2
 Confusing Touch          Hex            0%           99%         3
 Conjure Flame            Conj/Fire      0%           99%         3
 Dazzling Flash           Conj/Hex       0%           99%         3
 Frozen Ramparts          Ice            0%           99%         3
 Ignite Poison            Fire/Tmut/Pois 0%           99%         3
 Inner Flame              Hex/Fire       0%           99%         3
 Mephitic Cloud           Conj/Pois/Air  0%           99%         3
 Ozocubu's Armour         Ice            0%           99%         3
 Portal Projectile        Hex/Tloc       0%           99%         3
 Static Discharge         Conj/Air       0%           99%         3
 Stone Arrow              Conj/Erth      0%           99%         3
 Tukima's Dance           Hex            0%           99%         3
 Airstrike                Air            0%           100%        4
 Cause Fear               Hex            0%           100%        4
 Fulminant Prism          Conj/Hex       0%           100%        4
 Hailstorm                Conj/Ice       0%           100%        4
 Ice Form                 Ice/Tmut       0%           100%        4
 Iskenderun's Mystic Bla  Conj/Tloc      0%           100%        4
 Leda's Liquefaction      Hex/Erth       0%           100%        4
 Olgreb's Toxic Radiance  Pois           0%           100%        4
 Passage of Golubria      Tloc           N/A          100%        4
 Petrify                  Tmut/Erth      0%           100%        4
 Summon Ice Beast         Ice/Summ       0%           100%        4
 Summon Lightning Spire   Summ/Air       0%           100%        4
 Bolt of Magma            Conj/Fire/Erth 0%           100%        5
 Iskenderun's Battlesphe  Conj           0%           100%        5
 Lee's Rapid Deconstruct  Erth           0%           100%        5
 Lightning Bolt           Conj/Air       0%           100%        5
 Metabolic Englaciation   Hex/Ice        0%           100%        5
 Silence                  Hex/Air        0%           100%        5
 Summon Forest            Summ/Tloc      0%           100%        5
 Yara's Violent Unravell  Hex/Tmut       0%           100%        5
 Conjure Ball Lightning   Conj/Air       0%           100%        6
 Eringya's Noxious Bog    Tmut/Pois      0%           100%        6
 Freezing Cloud           Conj/Ice/Air   0%           100%        6
 Hydra Form               Tmut           0%           100%        6
 Invisibility             Hex            0%           100%        6
 Iron Shot                Conj/Erth      0%           100%        6
 Simulacrum               Ice/Necr       0%           100%        6
 Starburst                Conj/Fire      0%           100%        6
 Orb of Destruction       Conj           0%           100%        7
 Ozocubu's Refrigeration  Ice            0%           100%        7
 Spellforged Servitor     Conj/Summ      0%           100%        7
 Summon Hydra             Summ           0%           100%        7
 Borgnjor's Revivificati  Necr           0%           100%        8
 Discord                  Hex            0%           100%        8
 Infestation              Necr           0%           100%        8
 Necromutation            Tmut/Necr      0%           100%        8
 Death's Door             Necr           0%           100%        9
 Tornado                  Air            0%           100%        9


Dungeon Overview and Level Annotations

Branches:
Dungeon (15/15)            Temple (1/1) D:6            Lair (6/6) D:10
 Shoals (4/4) Lair:3       Spider (4/4) Lair:3        Slime (0/5) Lair:6
    Orc (2/2) D:10            Elf (0/3) Orc:2        Vaults (5/5) D:13
  Crypt (0/3) Vaults:2     Depths (3/5) D:15         Bailey (visited)
  IceCv (visited)

Altars:
Ashenzari
Cheibriados
Dithmenos
Elyvilon
Fedhas
Gozag
Hepliaklqana
Kikubaaqudgha
Makhleb
Nemelex Xobeh
Okawaru
Qazlal
Ru
Sif Muna
Trog
Uskayaw
Vehumet
Wu Jian
Xom
Yredelemnul
Zin
The Shining One
Beogh

Shops:
D:4 *   D:6 *   D:12 *   D:13 (   Orc:2 *[[?   Shoals:2 (   Vaults:1 [*
Vaults:2 !=(

Portals:
Hell: Depths:1 Depths:2
Ziggurat: Depths:1

Annotations:
Spider:4 2 transporters, Jano's ghost, adept DrTm
Depths:1 exclusions: angel, daeva and 2 more exclusions


Innate Abilities, Weirdness & Mutations

You are resistant to damage.
You can heal yourself by infusing magical energy.
You resist negative energy. (rN+)
You passively map a large area around you.
You do not regenerate.
Your body often deteriorates upon taking damage.


Message History

You slice the rakshasa!!
You kill the rakshasa!
You hit something but do no damage.
You hit the ancient lich but do no damage.
You barely miss the rakshasa. You block the ancient lich's attack.
The rakshasa blinks!
You hear some strange, mumbled words.
A bolt of acid appears from out of thin air!
The bolt of acid misses you.
Unknown command.
You slice the ancient lich!!
The ancient lich is almost destroyed.
You miss something.
The ancient lich touches you but does no damage.
Unknown command.
Unknown command.
You hit the ancient lich but do no damage.
The ancient lich is almost destroyed.
You hit something but do no damage.
The ancient lich touches you but does no damage.
The rakshasa weaves an illusion.
Something touches you! You block the ancient lich's attack.
Unknown command.
You hit the ancient lich but do no damage.
The ancient lich is almost destroyed.
You miss something. You hit something but do no damage.
Something touches you but does no damage. x2
Something touches you! You block the ancient lich's attack.
Unknown command.
You slice the ancient lich!!
You destroy the ancient lich!
You hit something but do no damage. You hit something.
The rakshasa weaves an illusion.
Unknown command.
You miss something. You barely miss something. You miss something.
Something touches you.
You hear some strange, mumbled words.
A crystal spear appears from out of thin air!
The crystal spear hits you!!!!
You die...

.......#(.#......#
.......#.........#
......###.)......#
.###......###..).#
..#........#.....#
..#).#..#..#..#..## **
######..#######...## ,
,#..# #..#...)## * ....
#...{@...## , .
*......###........# , ,
* .. ...###......###...#
, ,,
......,#....R)..#,...#,,
, #$.#..#..# .#.# , , *
, * *## #..####*##..$
,,* , ,,#..# , , ..., ,
, ,, * .... , , , ..
..... * ,*


You could see a rakshasa.

Vanquished Creatures
  Sojobo (Vaults:2)
  A golden dragon (Vaults:5)
  Arachne (Spider:3)
  3 tentacled monstrosities
  Jorgrun (Orc:2)
  2 liches
  A titan (Vaults:5)
  Polyphemus (Shoals:4)
  A tentacled starspawn (Abyss:2)
  The ghost of Cemomoni the Impaler, an adept OgHu of Hepliaklqana (Orc:1)
  2 krakens
  3 sphinxes
  4 shadow dragons
  3 tengu reavers (Vaults:2)
  2 storm dragons (Vaults:5)
  15 vault wardens
  5 fire giants
  3 ghost moths
  9 frost giants
  2 emperor scorpions (Spider:4)
  Aizul (Depths:1)
  2 orc warlords
  A deep elf sorcerer (Vaults:4)
  2 deep elf elementalists
  11 very ugly things
  13 ironheart preservers
  9 stone giants
  3 vampire knights
  A deep elf annihilator (Vaults:5)
  A deep elf demonologist (Vaults:4)
  11 entropy weavers
  A minotaur (Orc:1)
  3 spark wasps
  A dire elephant (D:15)
  4 merfolk javelineers
  A crystal guardian (Vaults:5)
  8 ettins
  A blizzard demon (Abyss:2)
  2 deep elf death magi
  Snorg (Orc:2)
  3 deep elf high priests
  5 merfolk impalers
  A jiangshi (Vaults:2)
  3 fire dragons (Depths:1)
  11 hydras
  8 yaktaur captains
  2 great orbs of eyes
  2 rakshasas
  6 ice dragons
  6 boulder beetles
  A spriggan air mage (Depths:2)
  A naga warrior (Orc:1)
  4 merfolk avatars
  3 alligator snapping turtles
  36 vault guards
  11 ogre magi
  10 centaur warriors
  5 catoblepae
  40 two-headed ogres
  4 merfolk aquamancers
  11 death yaks
  3 deep troll shamans
  11 deep troll earth magi
  10 satyrs
  A vampire mage (Vaults:2)
  A queen ant (Spider:4)
  7 tengu warriors
  Urug (D:12)
  3 thrashing horrors (Abyss:2)
  4 orc high priests (Orc:2)
  Sonja (Lair:5)
  Nergalle (D:11)
  12 hell knights
  5 deep elf knights
  2 shadow wraiths
  2 sixfirhies (Abyss:2)
  An iron troll (Depths:1)
  6 skeletal warriors
  9 sea snakes
  23 deep trolls
  2 unseen horrors
  A swamp dragon (shapeshifter) (Vaults:1)
  3 flayed ghosts
  2 glowing orange brains
  3 starcursed masses (Abyss:2)
  2 phantasmal warriors
  3 wizards
  5 deep elf archers
  18 ironbrand convokers
  18 orc knights
  26 harpies
  A harpy (shapeshifter) (Vaults:1)
  3 deep elf zephyrmancers
  23 orb spiders
  33 wolf spiders
  2 deep elf pyromancers
  33 ugly things
  6 necromancers
  12 cyclopes
  30 fauns
  9 manticores
  A stone giant zombie (Vaults:2)
  5 orc sorcerers
  A black mamba (shapeshifter) (Vaults:1)
  A worldbinder (Abyss:2)
  2 centaur zombies
  9 merfolk sirens
  9 black mambas
  4 moths of wrath
  An apocalypse crab (Abyss:2)
  An ice statue (IceCv)
  3 smoke demons (Abyss:2)
  A rust devil (Abyss:2)
  5 torpor snails
  3 human skeletons
  14 vault sentinels
  15 elephants
  2 water nymphs (Shoals:4)
  A spriggan skeleton (Depths:1)
  14 cane toads
  An orange demon (Abyss:2)
  A hellion (Abyss:2)
  A spriggan zombie (Depths:1)
  9 freezing wraiths
  A kobold demonologist (D:15)
  4 rime drakes
  39 yaktaurs
  4 komodo dragons
  A tengu conjurer (Depths:3)
  16 demonic crawlers
  An efreet (Abyss:2)
  28 merfolk
  5 trolls
  19 polar bears
  5 wind drakes
  2 ancient zymes (Abyss:2)
  An ice dragon zombie (Depths:1)
  12 hornets
  43 jumping spiders
  23 slime creatures
  14 blink frogs
  A raiju (Abyss:2)
  37 dream sheep
  3 frost giant simulacra
  8 snapping turtles
  Sigmund (D:4)
  An ettin skeleton (Abyss:2)
  17 water elementals
  90 redbacks
  A spriggan (Lair:1)
  2 shadows
  A centaur simulacrum (D:15)
  A yak (shapeshifter) (Vaults:1)
  2 ynoxinuls (Abyss:2)
  A redback (shapeshifter) (Vaults:5)
  30 tarantellas
  2 wraiths
  5 wyverns
  95 yaks
  A fire bat (Abyss:2)
  Grum (D:6)
  4 vampire mosquitoes (D:14)
  A chaos spawn (Abyss:2)
  2 neqoxecs (Abyss:2)
  4 basilisks
  6 wargs
  5 small abominations (Abyss:2)
  5 large abominations (Abyss:2)
  Menkaure (D:7)
  2 acid dragons
  Edmund (D:4)
  27 soldier ants
  12 water moccasins
  71 orc warriors
  6 necrophages (Lair:4)
  An ice beast (D:8)
  4 sky beasts
  2 black bears
  An eye of draining (shapeshifter) (Vaults:3)
  37 ogres
  16 centaurs
  An eye of draining (D:9)
  7 boggarts (Vaults:3)
  25 wolves
  A phantom (D:13)
  5 kobold brigands
  A human zombie (Vaults:1)
  3 gnoll sergeants
  19 bullfrogs
  An earth elemental (Abyss:2)
  2 scorpions
  A human simulacrum (Vaults:3)
  3 killer bees (D:9)
  14 wights
  2 howler monkeys
  8 electric eels
  A bullfrog zombie (D:5)
  A lava snake (D:12)
  2 quasits
  An iron imp (Abyss:2)
  Crazy Yiuf (D:7)
  6 bullfrog skeletons
  17 hounds
  5 jellies
  2 gnoll shamans (D:6)
  35 orc priests
  8 centaur skeletons
  4 iguanas
  30 orc wizards
  24 worker ants
  Ijyb (D:4)
  2 worker ant zombies
  33 gnolls
  9 adders
  A shadow imp (D:8)
  An ufetubus (Abyss:2)
  5 oozes (Lair:6)
  An adder zombie (D:8)
  4 adder skeletons
  A worm (D:2)
  A dart slug (D:1)
  11 leopard geckos
  137 orcs
  4 bats
  6 giant cockroaches
  18 goblins
  15 hobgoblins
  9 jackals
  24 kobolds
  6 quokkas
  4 frilled lizards
  A leopard gecko zombie (D:6)
  A quokka skeleton (D:4)
  A quokka zombie (D:7)
  5 rats
  A fire vortex (D:14)
  A starspawn tentacle (Abyss:2)
  4 tentacles
2016 creatures vanquished.

Vanquished Creatures (others)
  A vault guard (Vaults:4)
  An ogre mage (D:13)
  A merfolk aquamancer (Shoals:2)
  A wolf spider (Spider:1)
  2 blink frogs (Lair:6)
  A water elemental (Shoals:4)
  A hobgoblin (Bailey)
  56 fungi
  242 plants
  3 starspawn tentacles (Abyss:2)
  15 tentacles
324 creatures vanquished.

Grand Total: 2340 creatures vanquished

Notes
Turn   | Place    | Note
-------+----------+-------------------------------------------
     0 | D:1      | Froggeryz the Deep Dwarf Fighter began the quest for the
                  | Orb.
     0 | D:1      | Reached XP level 1. HP: 20/20 MP: 1/1
   194 | D:1      | Reached skill level 3 in Axes
   194 | D:1      | Reached XP level 2. HP: 27/27 MP: 2/2
   617 | D:2      | Reached XP level 3. HP: 18/33 MP: 3/3
   648 | D:2      | Reached skill level 4 in Axes
   770 | D:2      | Reached XP level 4. HP: 37/40 MP: 4/4
   893 | D:2      | Reached skill level 5 in Axes
  1106 | D:3      | Reached XP level 5. HP: 13/46 MP: 5/5
  1167 | D:3      | Reached skill level 6 in Axes
  1279 | D:3      | Found a hide-covered altar of Uskayaw.
  1338 | D:4      | Noticed Edmund
  1359 | D:4      | Killed Edmund
  1360 | D:4      | Reached skill level 7 in Axes
  1360 | D:4      | Reached XP level 6. HP: 54/55 MP: 6/6
  1523 | D:4      | Noticed Sigmund
  1542 | D:4      | Killed Sigmund
  1543 | D:4      | Reached skill level 8 in Axes
  1543 | D:4      | Reached XP level 7. HP: 34/61 MP: 7/7
  1582 | D:4      | Reached skill level 9 in Axes
  1616 | D:4      | Noticed Ijyb
  1682 | D:4      | Killed Ijyb
  1708 | D:4      | Found Uxoibif's General Store.
  1719 | D:4      | Bought a scroll of fear for 38 gold pieces
  1719 | D:4      | Bought a potion of degeneration for 11 gold pieces
  1885 | D:5      | Entered Level 5 of the Dungeon
  2090 | D:5      | Found a bloodstained altar of Trog.
  2118 | D:5      | Reached XP level 8. HP: 31/72 MP: 7/7
  2210 | D:5      | Reached skill level 10 in Axes
  2559 | D:5      | Reached skill level 11 in Axes
  2575 | D:6      | Reached skill level 5 in Fighting
  2645 | D:6      | Found Gevurag's General Store.
  2664 | D:6      | Bought a scroll of teleportation for 42 gold pieces
  2664 | D:6      | Bought 2 curare-tipped darts for 16 gold pieces
  2762 | D:6      | Gained mutation: You passively map the area around you.
                  | [Deep Dwarf growth]
  2762 | D:6      | Reached XP level 9. HP: 18/81 MP: 5/5
  2801 | D:6      | Found a staircase to the Ecumenical Temple.
  2812 | Temple   | Entered the Ecumenical Temple
  2873 | D:6      | Noticed Grum
  2890 | D:6      | Killed Grum
  2934 | D:6      | Reached skill level 12 in Axes
  3077 | D:7      | Found a runed translucent door.
  3077 | D:7      | Noticed Crazy Yiuf
  3084 | D:7      | Killed Crazy Yiuf
  3338 | D:7      | Noticed Menkaure
  3339 | D:7      | Noticed Maggie
  3365 | D:7      | Killed Menkaure
  3380 | D:7      | Noticed Maggie
  3380 | D:7      | Maggie changed into Maggie the sky beast
  3394 | D:7      | Killed Maggie the sky beast
  3480 | D:7      | Found an ornate altar of the Wu Jian Council.
  3646 | D:7      | Found a hazy altar of Hepliaklqana.
  3764 | D:8      | Found a burning altar of Makhleb.
  3773 | D:8      | Became a worshipper of Makhleb the Destroyer
  3859 | D:8      | Found a glowing silver altar of Zin.
  3899 | D:8      | Reached skill level 5 in Shields
  3983 | D:8      | Found a snail-covered altar of Cheibriados.
  4261 | D:9      | Reached * piety under Makhleb
  4285 | D:9      | Found a broken altar of Ashenzari.
  4301 | D:9      | Reached XP level 10. HP: 92/92 MP: 4/4
  4318 | D:9      | Noticed a white ugly thing
  4333 | D:9      | Killed a white ugly thing
  4334 | D:9      | Reached skill level 13 in Axes
  4499 | D:9      | Reached ** piety under Makhleb
  4500 | D:9      | Reached skill level 5 in Armour
  4730 | D:10     | Entered Level 10 of the Dungeon
  4814 | D:10     | Found a staircase to the Lair.
  4842 | Lair:1   | Entered Level 1 of the Lair of Beasts
  4908 | Lair:1   | Noticed a cane toad
  4910 | Lair:1   | Noticed a cane toad
  4919 | Lair:1   | Killed a cane toad
  4927 | Lair:1   | Killed a cane toad
  4960 | Lair:1   | Noticed a seven-headed hydra
  4969 | Lair:1   | Killed a seven-headed hydra
  4970 | Lair:1   | Reached XP level 11. HP: 72/100 MP: 5/5
  5026 | Lair:1   | Noticed an eight-headed hydra
  5033 | Lair:1   | Killed an eight-headed hydra
  5149 | Lair:1   | Reached skill level 14 in Axes
  5394 | Lair:1   | Reached *** piety under Makhleb
  5968 | Lair:2   | Reached skill level 10 in Shields
  5986 | Lair:2   | Reached **** piety under Makhleb
  6062 | Lair:3   | Reached XP level 12. HP: 112/112 MP: 6/6
  6084 | Lair:3   | Reached skill level 15 in Axes
  6110 | Lair:3   | Found a frozen archway.
  6122 | IceCv    | Entered an ice cave
  6786 | IceCv    | Reached ***** piety under Makhleb
  6799 | IceCv    | Noticed a death yak
  6860 | IceCv    | Killed a death yak
  6952 | IceCv    | Noticed a frost giant
  6973 | IceCv    | Killed a frost giant
  7003 | IceCv    | Reached skill level 16 in Axes
  7018 | IceCv    | Identified the amulet of Ufulay {rPois rN+ Regen+ Dex+4}
  7053 | Lair:3   | Reached XP level 13. HP: 111/121 MP: 7/7
  7159 | Lair:3   | Found a sacrificial altar of Ru.
  7328 | Lair:3   | Found a staircase to the Shoals.
  7377 | Lair:3   | Identified the +5 hand crossbow "Socsox" {elec, +Blink +Inv
                  | rPois rF-}
  7456 | Lair:3   | Found a hole to the Spider Nest.
  8115 | Lair:4   | Upgraded the game from 0.27-a0-475-g4587593e40 to
                  | 0.27-a0-492-ga4bb394fd4
  8215 | Lair:5   | Noticed Sonja
  8226 | Lair:5   | Killed Sonja
  8792 | Lair:6   | Entered Level 6 of the Lair of Beasts
  8828 | Lair:5   | Reached skill level 10 in Armour
  8849 | Lair:5   | Reached skill level 10 in Fighting
  8900 | Lair:5   | Reached skill level 17 in Axes
  9131 | Lair:6   | Gained mutation: You resist negative energy. (rN+) [Deep
                  | Dwarf growth]
  9131 | Lair:6   | Reached XP level 14. HP: 132/132 MP: 8/8
  9367 | Lair:6   | Found a staircase to the Slime Pits.
 10047 | Lair:6   | Reached ****** piety under Makhleb
 10115 | Lair:6   | Reached skill level 18 in Axes
 10139 | Lair:6   | Identified the +4 dagger of Bodily Humours {vorpal, Int+2
                  | Dex+3}
 10665 | D:10     | Reached skill level 15 in Shields
 10903 | D:10     | Found a staircase to the Orcish Mines.
 10953 | D:10     | Identified the +1 buckler "Yhocli Quyme" {rC+ rN+ Int-3}
 10961 | Orc:1    | Entered Level 1 of the Orcish Mines
 11254 | Orc:2    | Entered Level 2 of the Orcish Mines
 11254 | Orc:2    | Noticed Jorgrun
 11297 | Orc:2    | Killed Jorgrun
 11437 | Orc:1    | Found a runed translucent gate.
 11438 | Orc:1    | Found a runed translucent gate.
 11439 | Orc:1    | Found a runed translucent gate.
 11440 | Orc:1    | Noticed Cemomoni's ghost (adept OgHu)
 11466 | Orc:1    | Found an iron altar of Okawaru.
 11492 | Orc:1    | Found a flagged portal.
 11508 | Bailey   | Entered a bailey
 11565 | Bailey   | Found an iron altar of Okawaru.
 12054 | Orc:2    | Found a staircase to the Elven Halls.
 12322 | Orc:2    | Noticed an orc warlord
 12349 | Orc:2    | Killed an orc warlord
 12350 | Orc:2    | Reached XP level 15. HP: 138/138 MP: 9/9
 12398 | Orc:2    | Found a roughly hewn altar of Beogh.
 12414 | Orc:2    | Cast into level 2 of the Abyss (chaos spawn)
 12525 | Abyss:2  | Found a shadowy altar of Dithmenos.
 12565 | Abyss:2  | Reached skill level 1 in Invocations
 12647 | Abyss:2  | Acquired 382 gold pieces
 12649 | Abyss:2  | Acquired the +3 pair of boots "Kurito" {rPois Will+ MP-9
                  | Int+4}
 12706 | Abyss:2  | Found a burning altar of Makhleb.
 12814 | Abyss:2  | Gained mutation: Your body sometimes deteriorates upon
                  | taking damage. [a neqoxec]
 12896 | Abyss:2  | Noticed a tentacled starspawn
 12909 | Abyss:2  | Killed a tentacled starspawn
 12995 | Abyss:2  | Found a corrupted altar of Lugonu.
 13041 | Abyss:2  | Found a viscous altar of Jiyva.
 13100 | Abyss:2  | Reached skill level 5 in Invocations
 13144 | Abyss:2  | Gained mutation: Your body often deteriorates upon taking
                  | damage. [a neqoxec]
 13249 | Orc:2    | Escaped the Abyss
 13274 | Orc:2    | Found Noidiat's General Store.
 13685 | Orc:2    | Noticed Snorg
 13701 | Orc:2    | Killed Snorg
 13754 | Orc:2    | Bought a potion of might for 44 gold pieces
 13858 | Orc:2    | Found Goulyd's Armour Shop.
 14058 | Orc:2    | Found a roughly hewn altar of Beogh.
 14164 | Orc:2    | Found Wuhuodd's Magic Scroll Emporium.
 14184 | Orc:2    | Bought a scroll of teleportation for 45 gold pieces
 14184 | Orc:2    | Bought a scroll of immolation for 52 gold pieces
 14184 | Orc:2    | Bought a scroll of immolation for 52 gold pieces
 14184 | Orc:2    | Bought a scroll of teleportation for 45 gold pieces
 14184 | Orc:2    | Bought a scroll of fog for 30 gold pieces
 14184 | Orc:2    | Bought a scroll of immolation for 52 gold pieces
 14184 | Orc:2    | Bought a scroll of enchant weapon for 112 gold pieces
 14191 | Orc:2    | Found Yruq's Armour Shoppe.
 14373 | Orc:2    | Bought a +1 plate armour of fire resistance for 420 gold
                  | pieces
 14450 | Orc:2    | Bought the +2 pair of gloves of Mankas {*Drain Will+++
                  | rCorr Dex+4} for 452 gold pieces
 14450 | Orc:2    | Bought a scroll of immolation for 38 gold pieces
 14450 | Orc:2    | Bought a wand of paralysis (12) for 154 gold pieces
 14762 | Orc:1    | Killed Cemomoni's ghost
 14785 | Orc:1    | Identified the +3 kite shield of Death's Door {rN+++
                  | Slay-2}
 14787 | Orc:1    | Identified the +5 dire flail of the Vase {freeze, +Inv rC-
                  | rN+ Str+10}
 15541 | D:11     | Noticed Nergalle
 15570 | D:11     | Killed Nergalle
 15738 | D:11     | Reached skill level 1 in Throwing
 16555 | D:12     | Noticed Urug
 16566 | D:12     | Killed Urug
 16575 | D:12     | Found Boexam's Demolitions Depot.
 16897 | D:13     | Reached XP level 16. HP: 152/152 MP: 7/16
 16964 | D:13     | Reached skill level 10 in Invocations
 17007 | D:13     | Found a gate to the Vaults.
 17197 | D:13     | Found a broken altar of Ashenzari.
 17235 | D:13     | Found Yxkoff's Antique Weapon Shoppe.
 17888 | Spider:1 | Entered Level 1 of the Spider Nest
 19103 | Spider:2 | Reached skill level 5 in Throwing
 19807 | Spider:3 | Noticed Arachne
 19833 | Spider:3 | Killed Arachne
 19965 | Spider:3 | Reached XP level 17. HP: 163/163 MP: 10/19
 20316 | Spider:4 | Entered Level 4 of the Spider Nest
 20605 | Spider:4 | Found a transporter.
 20606 | Spider:4 | Noticed Jano's ghost (adept DrTm)
 20620 | Spider:4 | Found a transporter.
 21829 | Spider:4 | Got a gossamer rune of Zot
 22055 | Shoals:1 | Entered Level 1 of the Shoals
 22422 | Shoals:1 | Gained mutation: You passively map a large area around you.
                  | [Deep Dwarf growth]
 22422 | Shoals:1 | Reached XP level 18. HP: 174/174 MP: 12/21
 22605 | Shoals:2 | Found Xiuzosev's Antique Weapon Emporium.
 23397 | Shoals:4 | Entered Level 4 of the Shoals
 23407 | Shoals:3 | Reached skill level 15 in Invocations
 23419 | Shoals:4 | Reached skill level 1 in Evocations
 23426 | Shoals:4 | Noticed Polyphemus
 23456 | Shoals:4 | Killed Polyphemus
 23728 | Shoals:4 | Reached skill level 5 in Evocations
 23787 | Shoals:4 | Reached skill level 10 in Throwing
 23813 | Shoals:4 | Reached XP level 19. HP: 157/184 MP: 14/23
 24068 | Shoals:4 | Identified the Papyrus of Attacks
 24111 | Shoals:4 | Got a barnacled rune of Zot
 24473 | Vaults:1 | Entered Level 1 of the Vaults
 24478 | Vaults:1 | Reached skill level 15 in Armour
 24597 | Vaults:1 | Reached skill level 15 in Fighting
 24691 | Vaults:1 | Found Lichoatu's General Store.
 24696 | Vaults:1 | Bought a potion of curing for 45 gold pieces
 24696 | Vaults:1 | Bought a potion of might for 60 gold pieces
 24696 | Vaults:1 | Bought the ring of the Madman {rPois rCorr Str-4 Dex+2
                  | Slay+3} for 594 gold pieces
 24728 | Vaults:1 | Reached skill level 1 in Dodging
 24841 | Vaults:1 | Found Mummoomn's Antique Armour Emporium.
 25466 | Vaults:1 | Found Toc Eloo's Weapon Shop.
 25914 | Vaults:2 | Found a staircase to the Crypt.
 26023 | Vaults:2 | Reached skill level 5 in Dodging
 26216 | Vaults:2 | Noticed Sojobo
 26234 | Vaults:2 | Killed Sojobo
 26431 | Vaults:2 | Found Ycvosm's Weapon Boutique.
 26432 | Vaults:2 | Identified the +2 leather armour "Hattusk" {+Inv rF+ rC+}
 26461 | Vaults:2 | Reached skill level 10 in Evocations
 26488 | Vaults:2 | Reached XP level 20. HP: 196/196 MP: 15/24
 26503 | Vaults:2 | Found Odiomib's Jewellery Boutique.
 26585 | Vaults:2 | Found Joqyt's Distillery.
 26591 | Vaults:2 | Bought 2 potions of heal wounds for 190 gold pieces
 26591 | Vaults:2 | Bought a potion of might for 76 gold pieces
 28924 | Vaults:4 | Reached XP level 21. HP: 206/206 MP: 16/25
 29504 | Vaults:5 | Entered Level 5 of the Vaults
 29518 | Vaults:4 | Reached skill level 10 in Dodging
 30100 | Vaults:5 | Noticed a golden dragon
 30117 | Vaults:5 | Killed a golden dragon
 30163 | Vaults:5 | Got a silver rune of Zot
 30185 | Vaults:5 | Acquired 1032 gold pieces
 30249 | Vaults:5 | Reached XP level 22. HP: 218/218 MP: 17/26
 30633 | D:14     | You fall into a shaft and drop 1 floor!
 30633 | D:15     | Entered Level 15 of the Dungeon
 30885 | D:15     | Identified the +0 pair of gloves "Icreupn" {rElec Str+2}
 31104 | D:15     | Found a staircase to the Depths.
 31128 | Depths:1 | Entered Level 1 of the Depths
 31271 | Depths:1 | Found a gateway to a ziggurat.
 31343 | Depths:1 | Found a gateway to Hell.
 31379 | Depths:1 | Noticed Aizul
 31398 | Depths:1 | Killed Aizul
 31708 | Depths:1 | Acquired 385 gold pieces
 32297 | Depths:2 | Identified the ring of Suspicion {*Drain rF+++ rC+ rN+++}
 32866 | Depths:3 | Reached XP level 23. HP: 228/228 MP: 19/28
 32891 | Depths:3 | Noticed an ancient lich
 32912 | Depths:3 | Killed from afar by an ancient lich (illusionary)

Illustrated notes

Levels and vault maps discovered:
D:1:      eino_arrival_water_star, layout_basic, minmay_tetromino_o4
D:2:      minmay_diamond_boxcup, layout_basic, minmay_box_of_dots
D:3:      layout_rooms, eat_drink_and_be_merry_uskayaw
D:4:      minmay_evil_eye, layout_basic, serial_shops, nicolae_shop_crystal,
          guppyfry_early_lair_pool, uniq_sigmund, uniq_ijyb, uniq_edmund
D:5:      layout_loops_ring, lightli_temple_of_fire, feat_on_display
D:6:      layout_cave_pools, minmay_temple_entry_crystal_x, serial_gnoll_camp,
          gnoll_camp_mini_doghouse, grums_kennel, gnoll_camp_huts_basic,
          gnoll_camp_mini_shop
D:7:      layout_rooms, nzn_hepliaklqana_mist_gate,
          lemuel_coloured_pillars_altar, uniq_maggie, uniq_menkaure,
          uniq_crazy_yiuf_cottage
D:8:      layout_cave_pods, overflow_temple_1_default, lemuel_crystal_altar,
          general_overflow_altar
D:9:      layout_rooms, ashenzari_altar_1
D:10:     layout_roguey, david_lair_generic, orc_david_3
D:11:     layout_roguey, uniq_nergalle
D:12:     layout_roguey, serial_bayou_lagoon_a, chequers_serial_rivers_large_a,
          nicolae_blasting_shop, kennysheep_big_empty_room, uniq_urug
D:13:     layout_loops_ring, hangedman_vaults_entry_quadrant_bands,
          serial_shops, shop, basic_altar
D:14:     layout_roguey, kennysheep_cross_room, minmay_crystal_water,
          minivault_25
D:15:     hangedman_depths_entry_try_elsewhere_first, layout_basic,
          serial_park_avenue1
Temple:   eino_temple_lava
Lair:1:   layout_regular_city, grunt_forest_large_clearing_hut
Lair:2:   layout_misc_corridors, lemuel_old_faithful, minmay_lair_oklob_chamber
Lair:3:   layout_roguey, minmay_shoals_entry_hut,
          nicolae_spider_entry_orb_guardian, portal_ice_cave_entry_pillars_1,
          chequers_serial_rivers_small_a, amcnicky_altar_gilded
Lair:4:   layout_roguey, roderic_carrion_pond
Lair:5:   layout_long_grid, minmay_shattered_shrine, uniq_sonja
Lair:6:   evilmike_catoblepas_cave, layout_regular_city,
          nicolae_slime_entry_slimehenge, serial_bayou_shore_b,
          lemuel_fruit_tree
Shoals:1: layout_shoals
Shoals:2: layout_shoals, serial_shops, nicolae_shop_trees
Shoals:3: layout_shoals
Shoals:4: shoals_end_grunt_garden, layout_shoals, uniq_polyphemus
Spider:1: layout_chambers, hangedman_spider_tarantella_strand
Spider:2: layout_spider_delve
Spider:3: layout_spider_delve, uniq_arachne
Spider:4: johnstein_spider_rune_arachne_lair, gammafunk_ghost_arena,
          minivault_29
Orc:1:    layout_caves, enter_bailey_5, gammafunk_ghost_fury_of_okawaru
Orc:2:    pubby_orc_utopia, serial_shops, uniq_jorgrun, uniq_snorg
Vaults:1: v_rooms_1, grunt_vaults_focal, nicolae_vaults_asterisk,
          vaults_room_door_hall, ontoclasm_vaults_ring_large,
          hangedman_vaults_nails, hangedman_vaults_river_flow,
          grunt_vaults_swirl, nicolae_vaults_little_ls,
          nicolae_vaults_shelves_hall, layout_vaults_ring, serial_shops, shop,
          shop, nicolae_shop_waterfront
Vaults:2: nicolae_vaults_three_branches, nicolae_vaults_triangles, v_misc_24,
          hangedman_vaults_hard_town_square, nicolae_vaults_circle_grid_b,
          hangedman_vaults_locks, minmay_crypt_entry_simple_statues,
          nicolae_vaults_shelves_hall, v_misc_33, v_misc_14, v_misc_9,
          ontoclasm_vaults_eye, vaults_room_pools,
          ontoclasm_vaults_decontamination, vaults_room_stairs_pillars,
          vaults_room_stairs_pillars, layout_vaults_omnibox, uniq_margery,
          uniq_sojobo
Vaults:3: nicolae_vaults_windows_and_doors_thing, v_misc_1, vaults_mumra_hex,
          vaults_room_door_ring, v_misc_5, v_misc_1, v_misc_11,
          vaults_room_hallway, layout_vaults_omnigrid
Vaults:4: nicolae_vaults_arrows, hangedman_vaults_stream,
          nicolae_vaults_stairing_the_circle, v_pattern_2,
          nicolae_vaults_alarming, v_misc_28, v_misc_13, vaults_mumra_chevron,
          v_misc_22, kb_rosetta, nicolae_vaults_shelves_hall,
          nicolae_vaults_circle_grid_b, layout_vaults_maze_bifur
Vaults:5: uniq_frederick
Depths:1: layout_cave_shapes, enter_ziggurat_c, hell_entry, nrook_mini_vaults,
          minmay_misc_feat_iff, grunt_tough_drop, uniq_aizul
Depths:2: minmay_the_grid_triangle_9x9_recursive_2_mashed
          [minmay_the_grid_triangle_9x9_prize_top_heavy,
          minmay_the_grid_triangle_9x9_corruption,
          minmay_the_grid_triangle_9x9_zippers_horizontal,
          minmay_the_grid_triangle_9x9_odd_lines], layout_cave_pools,
          pf_coc_iceberg, minmay_door_square
Depths:3: hangedman_cross_cluster, layout_gridville, pan_entry,
          columned_hall_lemuel, hell_entry, serial_bayou_shore_a

Skill      XL: |  1  2  3  4  5  6  7  8  9 10 11 12 13 14 15 16 17 18 19 20 21 22 |
---------------+-------------------------------------------------------------------+-----
Axes           | 3 4 5 7 8 9 11 12 13 14 16 17 18 | 18.0
Fighting       | 3 5 6 7 8 9 10 12 13 14 15 16 17 | 17.9
Shields        | 5 7 10 11 13 16 17 | 17.8
Armour         | 4 6 7 8 10 12 13 14 15 16 | 16.4
Invocations    | 9 12 14 15 16 | 16.8
Throwing       | 2 5 8 10 11 12 13 14 | 14.6
Evocations     | 5 10 12 14 | 14.4
Dodging        | 6 9 11 | 11.2

Action                   |  1- 3 |  4- 6 |  7- 9 | 10-12 | 13-15 | 16-18 | 19-21 | 22-24 || total
-------------------------+-------+-------+-------+-------+-------+-------+-------+-------++-------
Melee: War axe           |   105 |   138 |   372 |       |       |       |       |       ||   615
       Unarmed           |       |       |     8 |       |       |       |       |       ||     8
       Hand axe          |       |       |   176 |  1060 |  1197 |       |       |       ||  2433
       Morningstar       |       |       |       |     6 |    52 |     6 |       |       ||    64
       Broad axe         |       |       |       |       |   948 |  1726 |  1582 |   637 ||  4893
Throw: Dart              |       |       |       |     1 |     1 |       |       |       ||     2
       Javelin           |       |       |       |       |       |     5 |     8 |     4 ||    17
 Abil: Heal Wounds       |     2 |     2 |    17 |     5 |     5 |     2 |     1 |       ||    34
       Evoke Flight      |       |       |       |       |     1 |       |       |       ||     1
Evoke: Wand              |       |       |     7 |     5 |    22 |     8 |     4 |       ||    46
  Use: Scroll            |     1 |     1 |    12 |     2 |    12 |    10 |     6 |     2 ||    46
       Potion            |       |     1 |     9 |     5 |     1 |     2 |     1 |       ||    19
 Stab: Distracted        |       |       |       |       |       |     1 |       |       ||     1
       Petrified         |       |       |       |       |       |    11 |       |       ||    11
Armor: Scale mail        |    66 |    66 |   202 |       |   114 |       |       |       ||   448
       Skin              |       |     9 |       |     6 |       |       |       |       ||    15
       Acid dragon scale |       |       |    44 |   294 |   368 |       |       |       ||   706
       Plate armour      |       |       |       |       |    81 |   999 |   494 |   210 ||  1784
Dodge: Dodged            |    39 |    49 |   165 |   281 |   488 |   376 |   334 |   171 ||  1903
Block: Kite shield       |    52 |    83 |   300 |   628 |  1416 |  1631 |  1249 |   479 ||  5838
       Reflection        |       |       |       |       |       |    91 |   115 |     9 ||   215

Table legend: (Time is in decaauts)
 A = Elapsed time spent in this place.
 B = Non-inter-level travel time spent in this place.
 C = Inter-level travel time spent in this place.
 D = Time resting spent in this place.
 E = Time spent auto-exploring this place.
 F = Levels seen in this place.
 G = Mean time per level.
                   A        B        C        D        E       F      G
               +--------+--------+--------+--------+--------+-----+--------+
         Total |  31161 |  29200 |   1961 |    209 |  12361 |  43 |  724.7 |
       Dungeon |   8719 |   8157 |    562 |     49 |   2956 |  15 |  581.3 |
        Temple |     25 |     25 |      0 |      0 |      0 |   1 |   25.0 |
          Lair |   4899 |   4333 |    566 |     38 |   1224 |   6 |  816.5 |
        Shoals |   2074 |   1894 |    180 |      5 |     19 |   4 |  518.5 |
   Spider Nest |   3902 |   3740 |    162 |     19 |   2385 |   4 |  975.5 |
  Orcish Mines |   2370 |   2146 |    224 |     10 |   1246 |   2 | 1185.0 |
        Vaults |   5514 |   5286 |    228 |     11 |   3179 |   5 | 1102.8 |
        Depths |   1657 |   1621 |     36 |      3 |    920 |   3 |  552.3 |
         Abyss |    750 |    750 |      0 |     68 |    165 |   1 |  750.0 |
        Bailey |    482 |    482 |      0 |      0 |    262 |   1 |  482.0 |
      Ice Cave |    764 |    764 |      0 |      4 |      0 |   1 |  764.0 |
               +--------+--------+--------+--------+--------+-----+--------+

Top non-repeatable levels by time:
   Orc:2: 1741 daAuts
Spider:4: 1521 daAuts
Vaults:4: 1386 daAuts
  Lair:6: 1341 daAuts
Vaults:3: 1261 daAuts
Spider:1: 1159 daAuts
Vaults:1: 1136 daAuts
Vaults:2: 1126 daAuts
  Lair:1: 1013 daAuts
    D:10: 892 daAuts
    D:12: 883 daAuts
Depths:1: 863 daAuts
    D:13: 826 daAuts
   IceCv: 764 daAuts
 Abyss:2: 750 daAuts
